Map: Cerulean Fall LE

Players

Pevch

  • Race: Zerg Zerg
  • League: Diamond
  • Spawn Location: 1:00

Swatopluke - Winner!

  • Race: Protoss Protoss
  • League: Platinum
  • Spawn Location: 7:00

VOD

Have the link to the VOD?

Description

Time

  • Played on: Nov. 14, 2018, 7:56 a.m.
  • Length: 11:09
Show
View Real Time Build Order
Export as new Build Order

Pevch Zerg 

Build Orders: Hatch First 

Get SALT Encoding   

  12  0:01  Drone  
  13  0:13  Overlord  
  13  0:18  Drone  
  14  0:33  Drone x2  
  17  0:35  Drone  
  17  1:01  Hatchery  
  17  1:02  Drone  
  17  1:04  Extractor  
  17  1:11  Drone  
  17  1:12  Drone  
  18  1:26  Spawning Pool  
  18  1:32  Drone  
  18  1:34  Drone  
  18  1:39  Drone  
  20  1:56  Overlord  
  20  2:26  Queen  
  20  2:28  Queen, Metabolic Boost  
  20  2:29  Zergling x4  
  27  2:30  Zergling x4  
  27  2:31  Zergling x2  
  27  2:35  Drone  
  30  2:40  Drone  
  31  2:51  Zergling x2  
  29  3:13  Drone x3  
  29  3:15  Drone  
  29  3:17  Drone  
  34  3:24  Drone  
  34  3:25  Drone  
  36  3:31  Evolution Chamber  
  36  3:32  Overlord  
  35  3:34  Evolution Chamber  
  35  3:38  Drone  
  35  3:40  Drone  
  35  3:53  Zergling x4  
  35  3:54  Zergling x2  
  38  3:57  Zerg Melee Weapons Level 1  
  38  4:00  Drone  
  38  4:01  Drone  
  38  4:02  Zerg Ground Armor Level 1  
  40  4:03  Drone  
  40  4:04  Drone x2  
  40  4:05  Overlord  
  43  4:23  Queen  
  45  4:37  Zergling x2  
  45  4:38  Zergling x12  
  45  4:39  Zergling x2  
  46  4:57  Zergling x6  
  46  4:58  Zergling x2  
  50  5:06  Zergling x4  
  52  5:10  Overlord x3  
  46  5:27  Zergling x6  
  47  5:31  Lair  
  47  5:33  Drone  
  48  5:37  Drone  
  48  5:39  Drone x2  
  51  5:45  Hatchery  
  47  5:54  Drone  
  48  6:00  Drone  
  48  6:04  Extractor  
  48  6:05  Extractor  
  48  6:06  Extractor, Drone x2  
  48  6:09  Drone  
  48  6:15  Spore Crawler  
  41  6:21  Spore Crawler  
  39  6:36  Drone x2  
  39  6:38  Drone x2  
  43  6:42  Zergling x2  
  44  6:56  Zergling x2  
  44  6:57  Zergling x2  
  44  7:00  Queen  
  47  7:02  Queen  
  47  7:03  Zergling x6  
  52  7:10  Zergling x4  
  52  7:13  Drone x3  
  57  7:17  Zergling x6  
  60  7:28  Drone x2  
  60  7:29  Drone  
  62  7:30  Zergling x4  
  64  7:44  Drone x3  
  64  7:45  Overlord  
  66  8:00  Zergling x8  
  51  8:10  Zergling x4  
  51  8:11  Zergling x10, Spine Crawler  
  55  8:13  Spine Crawler x2  
  55  8:14  Spine Crawler  
  49  8:21  Queen  
  49  8:22  Zergling x2  
  49  8:23  Zergling x2  
  49  8:46  Zergling x6  
  49  8:47  Zergling x10  
  47  8:58  Zergling x4  
  46  9:09  Spawning Pool  
  26  9:27  Spire  
  18  10:12  Spine Crawler  
  18  10:13  Spine Crawler  
  14  10:14  Spine Crawler  
  13  10:21  Spine Crawler  
  7  11:06  Hatchery  
Show
View Real Time Build Order
Export as new Build Order

Swatopluke Protoss - Winner!

Build Orders: Mass Adepts 

Get SALT Encoding   

  12  0:00  Probe  
  13  0:13  Probe  
  14  0:19  Pylon  
  14  0:25  Probe  
  15  0:38  Probe, Gateway  
  16  0:46  Probe  
  16  0:55  Probe, Assimilator  
  18  1:05  Gateway  
  18  1:06  Probe  
  19  1:18  Probe  
  19  1:25  Cybernetics Core  
  20  1:30  Probe  
  20  1:32  Assimilator  
  21  1:37  Pylon  
  21  1:44  Probe  
  22  1:54  Warp Gate  
  21  1:56  Probe  
  22  2:01  Adept  
  22  2:02  Adept  
  26  2:19  Twilight Council  
  26  2:20  Probe  
  27  2:28  Adept  
  27  2:29  Adept  
  31  2:42  Pylon  
  31  2:46  Gateway  
  31  3:00  Adept, Probe  
  34  3:09  Resonating Glaives  
  34  3:12  Probe  
  31  3:14  Adept  
  33  3:34  Nexus  
  33  3:59  Pylon  
  33  4:01  Stargate  
  34  4:02  Probe  
  34  4:03  Adept  
  34  4:06  Adept  
  38  4:16  Probe  
  39  4:19  Assimilator  
  39  4:23  Adept  
  41  4:28  Probe  
  42  4:37  Adept x2  
  44  4:45  Probe  
  43  4:50  Probe  
  43  4:51  Shield Battery  
  44  4:54  Charge  
  44  5:02  Oracle  
  44  5:04  Probe  
  44  5:05  Probe  
  49  5:17  Probe  
  36  5:28  Probe  
  36  5:29  Probe  
  36  5:32  Adept  
  36  5:33  Gateway  
  36  5:34  Adept  
  42  5:37  Gateway  
  42  5:38  Adept  
  44  5:52  Adept  
  44  5:55  Adept  
  48  5:59  Adept  
  50  6:04  Gateway  
  50  6:05  Probe x2  
  52  6:27  Probe  
  52  6:28  Probe  
  52  6:30  Adept  
  52  6:31  Adept x2  
  60  6:38  Zealot  
  62  6:44  Assimilator  
  62  6:48  Pylon  
  62  6:49  Pylon  
  62  6:51  Pylon  
  62  6:52  Pylon  
  62  7:07  Probe x2  
  64  7:08  Adept  
  64  7:09  Adept x4  
  64  7:10  Adept  
  73  7:30  Zealot x6  
  73  7:34  Probe x2  
  87  7:46  Probe  
  87  7:47  Probe  
  87  7:48  Nexus  
  89  7:53  Zealot  
  89  7:54  Zealot  
  93  8:04  Oracle  
  92  8:10  Pylon  
  92  8:12  Pylon  
  67  9:17  Zealot  
  67  9:18  Zealot x5  
  79  10:04  Zealot x6  
  85  10:18  Probe x2  
  81  10:22  Assimilator  
  81  10:25  Adept x5  
  81  10:26  Adept, Assimilator  
Tags
 
Composition
Mass Adepts
Matchup
PvZ
Replay Pack
Swatopluke
Spawn Locations
Cross Positions
Add a new tag
Caveats
  • Supply blocks, unpowered buildings, or Contaminate may cause inaccurate times.
  • Supply counts are checked every 10 seconds.